Map: Cactus Valley LE (Void)

Players

Bop

  • Race: Zerg Zerg

MaydorK - Winner!

  • Race: Protoss Protoss

VOD

Have the link to the VOD?

Description

Time

  • Played on: May 6, 2015, 9:53 p.m.
  • Length: 17:04
Show
View Real Time Build Order
Export as new Build Order

Bop Zerg 

Build Orders: Hatch First, Lurkers, Swarm Host, Ultralisks 

Get SALT Encoding   

  12  0:01  Drone  
  13  0:13  Overlord  
  13  0:19  Drone  
  14  0:31  Drone x2  
  16  0:36  Drone  
  17  0:46  Drone  
  18  0:59  Hatchery  
  18  1:00  Drone  
  18  1:13  Spawning Pool  
  17  1:20  Drone x2  
  17  1:23  Extractor  
  18  1:29  Drone  
  19  1:42  Drone  
  20  1:55  Drone  
  21  2:06  Zergling x2  
  22  2:10  Queen x2  
  22  2:12  Zergling x2  
  27  2:20  Drone  
  28  2:29  Metabolic Boost  
  28  2:32  Overlord  
  28  2:36  Extractor  
  27  2:37  Drone  
  28  2:50  Queen  
  31  2:53  Drone x3  
  31  2:54  Drone x2  
  31  2:57  Overlord  
  36  3:08  Lair  
  35  3:20  Drone x5  
  35  3:26  Drone x2  
  42  3:30  Extractor  
  42  3:32  Drone x2  
  43  3:50  Overlord  
  43  3:57  Extractor  
  43  3:58  Drone  
  43  4:08  Queen  
  43  4:09  Drone x6  
  51  4:10  Infestation Pit  
  51  4:13  Drone x2  
  51  4:17  Overlord  
  52  4:20  Overseer  
  52  4:22  Burrow  
  52  4:34  Extractor  
  51  4:38  Drone x3  
  54  4:49  Swarm Host x2  
  54  4:50  Overlord x2  
  60  4:56  Spore Crawler  
  60  4:58  Spore Crawler, Drone  
  60  4:59  Drone x2  
  59  5:04  Overlord  
  59  5:06  Drone  
  60  5:12  Overlord  
  60  5:22  Swarm Host  
  60  5:25  Swarm Host  
  66  5:29  Swarm Host  
  69  5:36  Swarm Host  
  69  5:40  Drone x2  
  74  5:46  Drone x2  
  74  5:48  Hydralisk Den  
  74  5:49  Zergling x2  
  75  5:59  Swarm Host  
  78  6:06  Drone x5  
  78  6:08  Spore Crawler  
  82  6:21  Overlord x2  
  82  6:44  Overseer  
  82  6:45  Zergling x4  
  84  6:48  Hatchery  
  83  6:54  Overlord x2  
  83  7:10  Hive  
  83  7:15  Hydralisk x8  
  85  7:20  Overlord  
  99  7:24  Hatchery  
  98  7:31  Lurker Den  
  98  7:33  Zergling x4  
  100  7:44  Hydralisk x2  
  103  7:55  Hydralisk x5  
  110  8:00  Drone x2  
  104  8:14  Extractor  
  104  8:16  Extractor  
  102  8:21  Zergling x4  
  102  8:22  Zergling x14  
  102  8:26  Ultralisk Cavern  
  110  8:28  Drone x3  
  101  8:51  Drone x3  
  101  8:52  Drone  
  105  8:57  Zergling x4  
  105  8:59  Lurker  
  105  9:00  Lurker x7  
  105  9:01  Zergling x2  
  105  9:02  Zergling x10  
  121  9:11  Evolution Chamber, Spore Crawler  
  117  9:21  Zergling x14  
  117  9:22  Zergling x6  
  112  9:30  Zergling x12  
  97  9:39  Ultralisk  
  97  9:44  Chitinous Plating  
  90  9:52  Ultralisk  
  96  10:01  Zerg Melee Weapons Level 1  
  96  10:02  Hydralisk x2  
  96  10:06  Hydralisk x2  
  104  10:16  Hydralisk  
  104  10:17  Hydralisk x2  
  108  10:40  Hydralisk x6  
  118  10:54  Zergling x2  
  118  10:56  Overlord x4  
  119  11:13  Overlord x2  
  119  11:18  Overlord  
  118  11:26  Lurker x6  
  118  11:27  Overlord  
  118  11:28  Overlord  
  118  11:29  Lurker x4  
  128  11:34  Overseer  
  128  11:35  Overseer  
  128  11:43  Hatchery  
  128  11:45  Drone x11  
  138  11:53  Zergling x4  
  138  11:54  Zergling x6  
  143  11:56  Extractor  
  143  11:57  Overlord  
  143  12:00  Extractor  
  141  12:01  Zerg Melee Weapons Level 2  
  141  12:04  Hydralisk  
  143  12:09  Overlord  
  141  12:24  Ultralisk  
  141  12:27  Queen  
  141  12:28  Zergling x2, Queen x3  
  141  12:29  Zergling x14  
  136  12:40  Hydralisk x4  
  121  12:46  Hydralisk  
  121  12:47  Hydralisk  
  118  12:55  Hydralisk x2  
  105  13:07  Lurker x4  
  105  13:10  Hydralisk x4  
  117  13:20  Overseer  
  117  13:22  Lurker x2  
  117  13:23  Lurker  
  117  13:24  Zergling x6  
  117  13:25  Zergling x4  
  121  13:32  Zergling x2  
  121  13:33  Zergling x8  
  126  13:34  Lurker  
  126  13:39  Overlord, Lurker x2  
  130  13:48  Zergling x12  
  135  13:58  Ultralisk  
  135  14:02  Lurker  
  142  14:03  Lurker  
  142  14:06  Drone x3  
  146  14:13  Drone x4  
  146  14:30  Ultralisk  
  142  14:36  Ultralisk  
  96  14:46  Ultralisk  
  95  14:56  Zergling x2  
  95  14:57  Zergling x18  
  88  15:04  Zergling x2  
  88  15:05  Zergling x6  
  89  15:07  Overseer x2  
  89  15:13  Drone x3  
  92  15:20  Hydralisk x2  
  96  15:31  Hydralisk x2  
  100  15:47  Lurker  
  101  15:52  Zergling x14  
  108  16:05  Zergling x2  
  108  16:06  Zergling x4  
  112  16:30  Zergling x2  
  112  16:31  Zergling x6  
Show
View Real Time Build Order
Export as new Build Order

MaydorK Protoss - Winner!

Build Orders: Nexus First, Oracle Opening 

Get SALT Encoding   

  12  0:01  Probe  
  13  0:16  Pylon  
  13  0:21  Probe  
  14  0:34  Probe (Chrono Boost)  
  16  0:44  Probe (Chrono Boost)  
  16  0:51  Probe  
  17  1:00  Nexus  
  17  1:10  Gateway  
  17  1:15  Probe (Chrono Boost)  
  18  1:24  Assimilator  
  19  1:27  Probe (Chrono Boost)  
  19  1:28  Assimilator  
  19  1:42  Pylon  
  19  1:46  Probe (Chrono Boost)  
  20  1:58  Cybernetics Core, Probe (Chrono Boost)  
  21  2:04  Probe (Chrono Boost)  
  23  2:16  Probe (Chrono Boost)  
  23  2:20  Probe (Chrono Boost)  
  24  2:25  Probe (Chrono Boost)  
  25  2:30  Forge  
  25  2:31  Probe  
  25  2:35  Adept  
  25  2:36  Warp Gate  
  28  2:39  Probe (Chrono Boost)  
  29  2:45  Probe (Chrono Boost)  
  30  2:56  Mothership Core (Chrono Boost)  
  32  2:59  Probe (Chrono Boost)  
  32  3:01  Gateway  
  33  3:09  Probe  
  33  3:10  Stargate  
  33  3:12  Probe  
  35  3:25  Gateway  
  35  3:29  Probe x2 (Chrono Boost)  
  35  3:30  Protoss Ground Weapons Level 1 (Chrono Boost)  
  37  3:35  Pylon  
  37  3:39  Sentry  
  37  3:40  Probe x2 (Chrono Boost)  
  41  3:47  Photon Cannon  
  41  3:49  Probe x2 (Chrono Boost), Pylon  
  43  3:57  Oracle  
  43  4:00  Probe (Chrono Boost)  
  43  4:02  Assimilator  
  47  4:07  Assimilator  
  47  4:13  Probe x2 (Chrono Boost)  
  49  4:22  Pylon  
  49  4:25  Probe x2 (Chrono Boost)  
  51  4:33  Phoenix  
  51  4:35  Probe x2 (Chrono Boost)  
  55  4:44  Probe  
  56  4:46  Probe  
  57  4:52  Twilight Council  
  57  4:54  Gateway  
  57  4:57  Gateway  
  57  5:06  Probe x2  
  59  5:08  Phoenix (Chrono Boost)  
  61  5:17  Pylon  
  61  5:18  Adept x2  
  65  5:26  Phoenix (Chrono Boost)  
  65  5:37  Pylon  
  65  5:46  Pylon, Phoenix (Chrono Boost)  
  67  5:57  Protoss Ground Weapons Level 2 (Chrono Boost)  
  67  6:05  Phoenix  
  67  6:06  Nexus  
  67  6:08  Photon Cannon  
  69  6:14  Shield Upgrade (Chrono Boost)  
  69  6:15  Gateway x2  
  69  6:17  Gateway  
  69  6:20  Photon Cannon  
  69  6:22  Pylon  
  69  6:28  Gateway  
  69  6:29  Robotics Facility  
  69  6:33  Phoenix  
  69  6:36  Probe x2  
  73  6:40  Adept x2  
  77  6:48  Probe  
  78  7:02  Adept x3  
  78  7:03  Adept  
  86  7:20  Pylon  
  86  7:24  Pylon  
  86  7:25  Probe x2  
  88  7:35  Probe  
  88  7:37  Probe  
  86  7:51  Adept x3  
  86  7:52  Adept x2  
  96  7:59  Probe x2, Nexus  
  96  8:12  Observer (Chrono Boost)  
  97  8:21  Protoss Ground Weapons Level 3 (Chrono Boost), Blink (Chrono Boost)  
  97  8:24  Probe x2  
  97  8:25  Assimilator  
  97  8:26  Observer (Chrono Boost)  
  100  8:27  Assimilator  
  100  8:36  Probe  
  100  8:39  Photon Cannon  
  101  8:41  Photon Cannon  
  100  8:56  Adept x5  
  100  8:57  Adept  
  100  9:00  Probe x2  
  114  9:06  Robotics Bay  
  114  9:19  Pylon  
  108  9:33  Immortal (Chrono Boost)  
  110  9:40  Adept x3  
  110  9:41  Adept x4  
  124  10:04  Nexus  
  124  10:06  Pylon, Phoenix, Assimilator  
  130  10:08  Assimilator  
  130  10:10  Disruptor (Chrono Boost)  
  130  10:29  Protoss Ground Armor Level 1 (Chrono Boost)  
  126  10:49  Disruptor (Chrono Boost)  
  126  10:51  Photon Cannon x2  
  126  10:53  Photon Cannon  
  126  10:54  Photon Cannon  
  122  11:02  Adept x3  
  122  11:03  Adept x4  
  136  11:13  Photon Cannon  
  136  11:14  Pylon, Photon Cannon  
  140  11:20  Disruptor (Chrono Boost), Pylon  
  140  11:27  Templar Archives  
  140  11:30  Pylon  
  140  11:35  Probe x3  
  140  11:36  Probe  
  144  11:50  Stalker  
  146  11:55  Gateway  
  146  11:57  Probe (Chrono Boost)  
  146  11:58  Gateway, Disruptor x3  
  146  12:00  Gateway  
  147  12:02  Gateway  
  147  12:04  Gateway, Observer (Chrono Boost)  
  147  12:06  High Templar  
  147  12:07  Probe (Chrono Boost), High Templar x3  
  155  12:10  High Templar  
  155  12:11  High Templar  
  155  12:15  Archon x2  
  159  12:16  Archon  
  159  12:21  Adept  
  159  12:22  Adept  
  157  12:40  Adept x2  
  157  12:41  Adept  
  145  12:47  Adept x3  
  151  13:04  High Templar x2  
  155  13:09  Gateway  
  155  13:18  Nexus  
  155  13:19  Forge  
  155  13:22  Robotics Facility  
  155  13:27  High Templar x4  
  155  13:28  High Templar x2  
  155  13:29  High Templar x2  
  155  13:30  Archon  
  155  13:31  Pylon, Archon x2  
  155  13:32  Archon  
  155  13:33  Archon  
  171  13:38  Pylon  
  171  13:40  Probe (Chrono Boost)  
  172  13:41  Charge (Chrono Boost)  
  172  13:50  Probe (Chrono Boost)  
  172  13:53  Pylon  
  173  13:57  Probe  
  173  13:58  Stalker x2, Disruptor x2  
  173  14:01  Stalker x3  
  180  14:17  Pylon  
  177  14:26  Disruptor x2  
  171  14:34  Protoss Ground Armor Level 2 (Chrono Boost)  
  159  14:43  Adept x6  
  159  14:44  Adept x4  
  141  14:57  Observer (Chrono Boost)  
  114  15:15  Adept  
  114  15:16  Adept x5  
  114  15:17  Zealot x4  
  114  15:18  Observer (Chrono Boost)  
  135  15:25  Probe  
  135  15:26  Probe x4  
  140  15:49  Observer (Chrono Boost)  
  141  15:52  Adept x6  
  141  15:56  Stalker x3  
  141  15:57  Stalker  
  161  16:01  Disruptor  
  162  16:06  Observer (Chrono Boost)  
  162  16:13  Adept x4  
  150  16:40  Stalker x4  
  150  16:41  Stalker x5  
  150  16:42  Stalker  
  156  16:49  Adept  
  150  17:00  Adept  
  150  17:01  Adept x3  
Tags
 
Add a new tag
Caveats
  • Supply blocks, unpowered buildings, or Contaminate may cause inaccurate times.
  • Supply counts are checked every 10 seconds.